 Dungeon Crawl Stone Soup version 0.29-a0-824-gd827844252 (webtiles) character file.

Game seed: 8728442343096920169

86 coolguy69 the Cutter (level 4, 0/24 HPs)
             Began as a Vine Stalker Monk on July 10, 2022.
             Slain by a hobgoblin
             ... wielding a +0 whip of venom
              (1 damage)
             ... on level 3 of the Dungeon.
             The game lasted 00:02:05 (2798 turns).

coolguy69 the Cutter (Vine Stalker Monk)            Turns: 2798, Time: 00:02:06

Health: 0/24       AC:  5    Str: 16    XL:     4   Next: 50%
Magic:  0/5        EV: 11    Int: 10    God:
Gold:   200        SH:  0    Dex: 16    Spells: 3/3 levels left

rFire   + . .      SeeInvis .   a - +0 short sword
rCold   . . .      Faith    .   (no shield)
rNeg    . . .      Spirit   +   m - +0 ring mail
rPois   .          Reflect  .   (no helmet)
rElec   .          Harm     .   (no cloak)
rCorr   .          Rampage  .   (no gloves)
Will    .....                   (no boots)
Stlth   ++........              (no amulet)
HPRegen 0.88/turn               e - ring of protection from fire
MPRegen 0.09/turn               (no ring)

@: lethally poisoned (0 -> -5)
A: fangs 2, regeneration 1, magic shield, antimagic bite, no potion heal 2
a: no special abilities


You were on level 3 of the Dungeon.
You visited 1 branch of the dungeon, and saw 3 of its levels.

You collected 200 gold pieces.

Inventory:

Hand Weapons
 a - a +0 short sword (weapon)
Armour
 m - a +0 ring mail (worn)
Jewellery
 e - a ring of protection from fire (left hand)
Scrolls
 k - 2 scrolls of blinking {unknown}
 l - a scroll of silence {unknown}
 n - a scroll of identify
 o - a scroll of magic mapping {unknown}
 p - 2 scrolls of noise {unknown}
 q - a scroll of fear {unknown}
 r - a scroll of enchant armour {unknown}
 s - a scroll of immolation {unknown}
Potions
 b - a potion of lignification {unknown}
 c - a potion of ambrosia
 d - a potion of degeneration {unknown}
 f - a potion of magic {unknown}
 g - a potion of attraction {unknown}
 h - a potion of berserk rage {unknown}
 i - a potion of might {unknown}
 j - a potion of resistance
 t - a potion of mutation {unknown}


   Skills:
 + Level 3.2 Fighting
 + Level 3.5 Short Blades
 + Level 0.3 Armour
 + Level 2.8 Dodging
 + Level 3.3 Stealth


You had 3 spell levels left.
You didn't know any spells.
Your spell library was empty.

Dungeon Overview and Level Annotations

Branches:
Dungeon (3/15)

Altars:
Uskayaw


Innate Abilities, Weirdness & Mutations

You have extremely sharp teeth.
Your natural rate of healing is unusually fast.
When hurt, damage is shared between your health and your magic reserves.
Your bite disrupts and absorbs the magic of your enemies.
Potions cannot restore your health.


Message History

The bat closely misses you.
There are monsters nearby!
The hobgoblin shouts!
You hit the bat.
The bat is heavily wounded.
The bat hits you but does no damage.
There are monsters nearby!
The bat hits you but does no damage.
The hobgoblin hits you with a +0 whip of venom.
You barely miss the hobgoblin. The bat barely misses you.
The hobgoblin hits you with a +0 whip of venom.
You are poisoned.
You closely miss the bat.
The bat is heavily wounded.
You feel very sick. The bat barely misses you.
The hobgoblin hits you with a +0 whip of venom.
You are more poisoned.
You closely miss the hobgoblin.
You feel very sick. The bat hits you but does no damage.
The hobgoblin hits you with a +0 whip of venom.
You are lethally poisoned!
You are too injured to fight recklessly!
You are too injured to fight recklessly!
You are too injured to fight recklessly!
You are too injured to fight recklessly!
You are too injured to fight recklessly!
You are too injured to fight recklessly!
Okay, then.
* * * LOW HITPOINT WARNING * * *
You feel very sick. The bat hits you but does no damage.
* * * LOW HITPOINT WARNING * * *
You feel very sick. The bat hits you.
* * * LOW HITPOINT WARNING * * *
You feel very sick.
The hobgoblin hits you with a +0 whip of venom.
You die...

#.# #.# #.#
#.# #.# #.#
#.# #.#####
#.# #......
#.# #######
#.# #.#
##@## #bg.#
#.....#
#.......#
#...(.....
#...)...###
##.....##
##...##
#####


You could see a hobgoblin and a bat.

Vanquished Creatures
  2 adders (D:2)
  3 worms
  3 dart slugs
  2 endoplasms
  2 giant cockroaches (D:2)
  4 hobgoblins
  9 kobolds
  3 quokkas
  7 ball pythons
  4 bats
  3 frilled lizards (D:3)
  4 goblins
  9 rats
55 creatures vanquished.

Notes
Turn   | Place    | Note
-------+----------+-------------------------------------------
     0 | D:1      | coolguy69 the Vine Stalker Monk began the quest for the
                  | Orb.
     0 | D:1      | Reached XP level 1. HP: 11/11 MP: 2/2
   384 | D:1      | Reached XP level 2. HP: 10/16 MP: 1/3
   633 | D:1      | Found a faded altar of an unknown god.
   975 | D:1      | Reached XP level 3. HP: 11/20 MP: 1/4
  1864 | D:2      | Gained mutation: Your natural rate of healing is unusually
                  | fast. [Vine Stalker growth]
  1864 | D:2      | Reached XP level 4. HP: 18/24 MP: 3/5
  2448 | D:3      | Found a hide-covered altar of Uskayaw.
  2798 | D:3      | HP: 1/24 [poisoned by a hobgoblin]
  2798 | D:3      | Slain by a hobgoblin

Illustrated notes

Levels and vault maps discovered:
D:1:      lemuel_arrival_muddy, layout_basic,
          ebering_ecumenical_altar_sacrificial
D:2:      layout_loops_cross
D:3:      layout_loops_ring, mainiacjoe_overflow_paths

Skill      XL: |  1  2  3 |
---------------+----------+-----
Fighting       | 3 |  3.2
Short Blades   | 3 |  3.5
Stealth        | 3 |  3.3
Armour         | |  0.3
Dodging        | |  2.8

Action                   |  1- 3 |  4- 6 || total
-------------------------+-------+-------++-------
Melee: Short sword       |   109 |    68 ||   177
       Bite              |    25 |    12 ||    37
       Punch             |       |     1 ||     1
  Use: Scroll            |     3 |       ||     3
 Stab: Sleeping          |     5 |     2 ||     7
Armor: Robe              |     8 |       ||     8
       Chain mail        |    15 |       ||    15
       Ring mail         |     4 |    18 ||    22
Dodge: Dodged            |    50 |    34 ||    84

Table legend: (Time is in decaauts)
 A = Elapsed time spent in this place.
 B = Non-inter-level travel time spent in this place.
 C = Inter-level travel time spent in this place.
 D = Time resting spent in this place.
 E = Time spent auto-exploring this place.
 F = Levels seen in this place.
 G = Mean time per level.
                   A        B        C        D        E       F      G
               +--------+--------+--------+--------+--------+-----+--------+
         Total |   2790 |   2716 |     74 |    207 |   2067 |   3 |  930.0 |
       Dungeon |   2790 |   2716 |     74 |    207 |   2067 |   3 |  930.0 |
               +--------+--------+--------+--------+--------+-----+--------+

Top non-repeatable levels by time:
     D:1: 1311 daAuts
     D:2: 960 daAuts
     D:3: 519 daAuts
